 Dungeon Crawl Stone Soup version 0.16.1 (webtiles) character file.

2053 Fiveotanaka the Cleaver (level 9, 0/68 HPs)
             Began as a Hill Orc Gladiator on Mar 29, 2015.
             Was a Believer of Beogh.
             Slain by a worker ant (3 damage)
             ... on level 6 of the Dungeon.
             The game lasted 00:20:47 (7915 turns).

Fiveotanaka the Cleaver (Hill Orc Gladiator)        Turns: 7915, Time: 00:20:47

Health: 0/68       AC: 11    Str: 18    XL:     9   Next: 25%
Magic:  9/9        EV:  9    Int:  8    God:    Beogh [**....]
Gold:   383        SH:  0    Dex: 14    Spells: 0 memorised, 8 levels left

rFire  . . .     SeeInvis .     a - +0 war axe
rCold  . . .     Clarity  .     s - +0 chain mail
rNeg   . . .     SustAb   .     (no shield)
rPois  .         Gourm    .     c - +0 helmet
rElec  .         Spirit   .     (no cloak)
rCorr  .         Warding  .     (no gloves)
rMut   .         Stasis   .     (no boots)
MR     .....                    (no amulet)
Stlth  ..........               (no ring)
                                (no ring)

@: lethally poisoned (0 -> -1), not resistant to hostile enchantments, extremely
unstealthy
A: no striking features
a: Smiting, Renounce Religion


You were on level 6 of the Dungeon.
You worshipped Beogh.
Beogh was pleased with you.
You were not hungry.

You visited 1 branch of the dungeon, and saw 7 of its levels.

You collected 383 gold pieces.

Inventory:

Hand weapons
 a - a +0 war axe (weapon)
Missiles
 d - 3 throwing nets (quivered)
Armour
 b - a +0 leather armour
 c - a +0 helmet (worn)
 s - a +0 chain mail (worn)
Jewellery
 E - an uncursed ring of teleportation
Magical devices
 r - a wand of teleportation (2)
 B - a wand of random effects (26)
 F - a wand of confusion (15)
Scrolls
 g - a scroll of enchant weapon {unknown}
 i - a scroll of remove curse
 m - 2 scrolls of identify
 n - a scroll of recharging {unknown}
 p - 2 scrolls of amnesia
 t - a scroll of blinking {unknown}
 y - a scroll of fear {unknown}
 D - 2 scrolls of enchant armour {unknown}
 G - a scroll of fog {unknown}
 I - a scroll of magic mapping {unknown}
 J - a scroll of teleportation {unknown}
 K - a scroll of immolation {unknown}
 L - 2 scrolls of random uselessness {unknown}
Potions
 e - a potion of restore abilities
 h - 2 potions of curing
 j - a potion of ambrosia {unknown}
 o - 2 potions of poison {unknown}
 q - a potion of magic {unknown}
 z - a potion of brilliance {unknown}
 H - a potion of haste {unknown}
Books
 x - a book of the Tempests

   Spells                             Type                      Level
   a - Static Discharge               Conjuration/Air              3
   b - Lightning Bolt                 Conjuration/Air              5
   c - Fireball                       Conjuration/Fire             5
   d - Tornado                        Air                          9
   e - Shatter                        Earth                        9
 C - a book of Transfigurations

   Spells                             Type                      Level
   a - Stoneskin                      Transmutation/Earth          2
   b - Irradiate                      Conjuration/Transmutation    5
   c - Statue Form                    Transmutation/Earth          6
   d - Hydra Form                     Transmutation                6
   e - Dragon Form                    Transmutation                7
Comestibles
 f - 3 meat rations
 k - 3 fruits
 u - 2 slices of pizza
 v - 2 royal jellies
 w - a beef jerky
 A - 2 bread rations


   Skills:
 - Level 2.4 Fighting
 + Level 13.4 Axes
 - Level 2.0 Throwing
 + Level 5.1 Armour
 + Level 3.5 Dodging


You had 8 spell levels left.
You didn't know any spells.

Dungeon Overview and Level Annotations

Branches:
Dungeon (7/15)
 Temple: D:4-7

Altars:
Ashenzari
Cheibriados
Ru
Trog
Xom
The Shining One


Message History

The worker ant poisons you!
You feel sick.
The sky beast flickers out of sight!
Deactivating autopickup; reactivate with Ctrl-A.
You feel sick.
The worker ant waves its antennae.
A goblin comes into view. It is wielding a club.
The goblin shouts!
A sky beast appears from thin air!
Reactivating autopickup.
The worker ant bites you but does no damage.
The hill giant barely misses you.
You feel sick. The goblin hits you but does no damage.
The sky beast flickers out of sight!
Deactivating autopickup; reactivate with Ctrl-A.
You feel sick. The worker ant barely misses you.
A sky beast appears from thin air!
Reactivating autopickup.
The worker ant bites you.
You die...

....## ## ##.................
.....## ##.####.###.........#.>..
......###.##.....##..............
..............................(..
....................ยง...#.....#..
###.............#.CY###.#.###.#.#
#########.#####.g.....#.. ..#..
### #.a#........#..)..
#@.#....###.#.###!
#.......#......#. ..
###.............? #.( ##..#.#.....
# #.# #### #####....#.##.##. #.
###..####...........### ..
B.......)............ #
..................... .
.############.....## .


You could see a hill giant, a sky beast, a worker ant and a goblin.

Vanquished Creatures
  Joseph (D:7)
  A wyvern (D:6)
  An ice beast (D:5)
  2 sky beasts
  A necrophage (D:5)
  An ogre (D:6)
  A giant frog (D:6)
  4 crimson imps
  2 goliath beetles
  A jelly (D:6)
  2 orc priests
  A giant frog zombie (D:6)
  5 hounds
  4 orc wizards
  4 worker ants
  3 iguanas
  12 adders
  7 gnolls (D:3)
  2 shadow imps
  7 worms
  A giant mite (D:4)
  An adder skeleton (D:5)
  3 giant geckos
  2 oozes (D:3)
  9 orcs
  16 bats
  A bat zombie (D:6)
  3 giant cockroaches
  14 hobgoblins
  14 jackals
  9 kobolds
  2 quokkas
  A ball python (D:2)
  4 giant newts
  7 goblins
  A quokka skeleton (D:6)
  A quokka zombie (D:5)
  14 rats
165 creatures vanquished.

Vanquished Creatures (others)
  A crimson imp (D:3)
  An orc priest (D:3)
2 creatures vanquished.

Grand Total: 167 creatures vanquished

Notes
Turn   | Place    | Note
--------------------------------------------------------------
     0 | D:1      | Fiveotanaka, the Hill Orc Gladiator, began the quest for the Orb.
     0 | D:1      | Reached XP level 1. HP: 18/18 MP: 1/1
    48 | D:1      | Reached XP level 2. HP: 20/25 MP: 2/2
   539 | D:1      | Reached skill level 5 in Axes
   798 | D:2      | Found a glowing golden altar of the Shining One.
   870 | D:2      | Reached XP level 3. HP: 22/30 MP: 3/3
  1150 | D:2      | Reached skill level 6 in Axes
  1263 | D:2      | Reached XP level 4. HP: 25/37 MP: 4/4
  2049 | D:3      | Reached skill level 7 in Axes
  2236 | D:3      | Reached XP level 5. HP: 39/42 MP: 5/5
  2853 | D:3      | Reached skill level 8 in Axes
  3188 | D:3      | Reached XP level 6. HP: 41/50 MP: 6/6
  3190 | D:3      | Became a worshipper of Beogh the Brigand
  3201 | D:3      | Found a shimmering altar of Xom.
  3311 | D:3      | Noticed a sky beast
  3323 | D:3      | HP: 1/50 [something (6)]
  3324 | D:3      | Killed a sky beast
  3324 | D:3      | Reached skill level 9 in Axes
  3796 | D:3      | Reached skill level 10 in Axes
  3796 | D:3      | Reached XP level 7. HP: 42/56 MP: 7/7
  4192 | D:3      | Found a bloodstained altar of Trog.
  4897 | D:4      | Found a snail-covered altar of Cheibriados.
  5276 | D:4      | Reached skill level 1 in Armour
  5552 | D:4      | Reached skill level 11 in Axes
  5567 | D:4      | Acquired Beogh's first power
  5638 | D:5      | Entered Level 5 of the Dungeon
  5657 | D:5      | HP: 1/56 [goliath beetle (23)]
  6026 | D:5      | Found a sacrificial altar of Ru.
  6168 | D:5      | Reached XP level 8. HP: 62/62 MP: 8/8
  6638 | D:6      | Reached skill level 12 in Axes
  6641 | D:6      | Noticed a hill giant
  6860 | D:6      | Found a shattered altar of Ashenzari.
  7209 | D:6      | Acquired Beogh's second power
  7571 | D:6      | Reached skill level 13 in Axes
  7571 | D:6      | Reached XP level 9. HP: 68/68 MP: 9/9
  7836 | D:7      | Noticed Joseph
  7867 | D:7      | Killed Joseph
  7867 | D:7      | Reached skill level 5 in Armour
  7905 | D:6      | HP: 3/68 [poisoned by a worker ant]
  7912 | D:6      | HP: 2/68 [poisoned by a worker ant]
  7915 | D:6      | Slain by a worker ant

Action                   |  1- 3 |  4- 6 |  7- 9 || total
-------------------------+-------+-------+-------++-------
Melee: War axe           |    84 |   201 |   384 ||   669
Invok: Convert to Beogh  |       |     1 |       ||     1
  Use: Potion            |       |     1 |     4 ||     5
       Scroll            |       |       |     4 ||     4
  Eat: Chunk             |     1 |     4 |    13 ||    18
       Bread ration      |       |     1 |       ||     1
